 Dungeon Crawl Stone Soup version 0.25-a0-631-gc915619 (webtiles) character file.

Game seed: 15679580952650460060, levelgen mode: deterministic

448 Faels the Shooter (level 7, 59/59 HPs)
             Began as a Gnoll Wanderer on Mar 18, 2020.
             Was an Initiate of Okawaru.
             Quit the game on level 4 of the Dungeon.
             The game lasted 00:15:38 (3913 turns).

Faels the Shooter (Gnoll Wanderer)                  Turns: 3913, Time: 00:15:38

Health: 59/59      AC:  9    Str: 13    XL:     7   Next: 3%
Magic:  10/10      EV:  6    Int: 16    God:    Okawaru [......]
Gold:   159        SH:  0    Dex: 16    Spells: 10/10 levels left

rFire    . . .     SeeInvis .   a - +2 shortbow
rCold    . . .     Gourm    .   (shield currently unavailable)
rNeg     . . .     Faith    .   C - +0 chain mail
rPois    .         Spirit   .   g - +0 helmet
rElec    .         Reflect  .   (no cloak)
rCorr    .         Harm     .   (no gloves)
MR       .....                  (no boots)
Stlth    ..........             (no amulet)
HPRegen  0.19/turn              o - ring of flight
MPRegen  0.12/turn              (no ring)

@: no status effects
A: distributed training, fangs 1, strong nose
a: Renounce Religion, Evoke Flight


You were on level 4 of the Dungeon.
You worshipped Okawaru.
Okawaru was noncommittal.
You were not hungry.

You visited 2 branches of the dungeon, and saw 6 of its levels.

You collected 159 gold pieces.

Inventory:

Hand Weapons
 a - a +2 shortbow (weapon)
 b - a +0 dagger
 d - the +9 whip of the Shark {freeze, MR++ Str+2}
   (You found it on level 4 of the Dungeon)

   It has been specially enchanted to freeze those struck by it, causing extra
   injury to most foes and up to half again as much damage against particularly
   susceptible opponents.
   It can also slow down cold-blooded creatures.
   It affects your strength (+2).
   It affects your resistance to hostile enchantments.
 e - a +0 trident
 y - a +1 flail of protection
 z - a +0 spear
 A - a +0 rapier
Missiles
 j - 55 arrows (quivered)
 t - 14 boomerangs
Armour
 g - a +0 helmet (worn)
 k - a +0 leather armour
 v - a +0 ring mail
 C - a +0 chain mail (worn)
 D - a +0 leather armour
Jewellery
 o - a ring of flight (left hand)
Scrolls
 c - 5 scrolls of teleportation
 l - a scroll of fear {unknown}
 m - a scroll of identify
 p - 5 scrolls of noise
 q - 4 scrolls of remove curse
 w - 2 scrolls of amnesia {unknown}
Potions
 h - a potion of curing
 i - a potion of heal wounds
 n - a potion of haste {unknown}
 r - a potion of cancellation {unknown}
 s - a potion of berserk rage {unknown}
 u - a potion of brilliance {unknown}
 x - 2 potions of degeneration {unknown}
 E - a potion of resistance {unknown}
Comestibles
 f - 12 rations


   Skills:
 + Level 6.9 Fighting
 + Level 2.2 Short Blades
 + Level 2.2 Long Blades
 + Level 2.2 Axes
 + Level 2.2 Maces & Flails
 + Level 3.4 Polearms
 + Level 2.2 Staves
 + Level 2.2 Slings
 + Level 6.9 Bows
 + Level 2.2 Crossbows
 + Level 3.4 Throwing
 + Level 2.2 Armour
 + Level 2.2 Dodging
 + Level 3.2 Stealth
 + Level 2.2 Shields
 + Level 2.2 Unarmed Combat
 + Level 2.2 Spellcasting
 + Level 1.7 Conjurations
 + Level 1.7 Hexes
 + Level 1.7 Charms
 + Level 1.7 Summonings
 + Level 1.7 Necromancy
 + Level 1.7 Translocations
 + Level 1.7 Transmutations
 + Level 1.7 Fire Magic
 + Level 1.7 Ice Magic
 + Level 1.7 Air Magic
 + Level 1.7 Earth Magic
 + Level 1.7 Poison Magic
 + Level 2.4 Invocations
 + Level 3.4 Evocations


You had 10 spell levels left.
You didn't know any spells.
Your spell library was empty.

Dungeon Overview and Level Annotations

Branches:
Dungeon (5/15)             Temple (1/1) D:4

Altars:
Ashenzari
Cheibriados
Dithmenos
Elyvilon
Fedhas
Hepliaklqana
Kikubaaqudgha
Makhleb
Nemelex Xobeh
Okawaru
Ru
Uskayaw
Vehumet
Xom
Yredelemnul
Zin
The Shining One


Innate Abilities, Weirdness & Mutations

Your experience applies equally to all skills.
You have very sharp teeth.
Your uncanny sense of smell can sniff out nearby items.


Message History

You whack the mummy! You freeze the mummy.
You destroy the mummy!
Okawaru accepts your kill.
c - 5 scrolls of teleportation (gained 1)
E - a metallic purple potion The +9 whip of the Shark {freeze, MR++ Str+2} stops glowing.
a - a +2 shortbow (weapon)
j - 55 arrows (gained 1) Done exploring.
Done exploring.
All of the chunks of flesh in your inventory have rotted away.
You start removing your armour.
You continue taking off your +0 ring mail. x4
You finish taking off your +0 ring mail.
You start putting on your armour.
You continue putting on your +0 chain mail. x5
You finish putting on your +0 chain mail.
Quiver which item? (- for none, * to show all) (? for menu, Esc to quit)
Okay, then.
Are you sure you want to abandon this character and quit the game? (Confirm with "yes".)

...### #.# #........#
##...# #.# #.######.#
♣###.## #.# #.# #.#
.♣♣#..####.# #.# #.#
..♣##...##.# #<# #.#
...♣#...##.# #.# #.#
...♣##..##.###.# #.#
♣♣..♣#.........######.#
♣#♣..#.##.......@.....#
⌠♣#♣............#######
..♣#....#.......#
..♣#......[.....#
..♣#..#..#####..#
..♣#..#..# #..###
.♣♣#.##..#####....#
♣###.##........##)#
##...##........##.#


There were no monsters in sight!

Vanquished Creatures
  A howler monkey (D:5)
  An orc priest (D:4)
  4 orc wizards (D:3)
  A bullfrog skeleton (D:4)
  An iguana (D:4)
  A worker ant (D:4)
  Natasha (thrice) (D:3)
  A mummy (D:4)
  3 adders
  2 worms
  2 leopard geckos
  9 orcs
  5 giant cockroaches
  9 goblins
  3 hobgoblins
  A jackal (D:2)
  A quokka (D:2)
  A ball python (D:1)
  5 bats
  4 frilled lizards
  A hobgoblin zombie (D:4)
  7 kobolds
  A kobold zombie (D:4)
  2 orc zombies (D:4)
  12 rats
81 creatures vanquished.

Notes
Turn   | Place    | Note
-------+----------+-------------------------------------------
     0 | D:1      | Faels the Gnoll Wanderer began the quest for the Orb.
     0 | D:1      | Faels set off with the following items: a +2 shortbow, 24
                  | arrows, a scroll of teleportation, a potion of curing, a +0
                  | robe, a ration
     0 | D:1      | Reached XP level 1. HP: 23/23 MP: 2/2
   275 | D:1      | Reached XP level 2. HP: 29/29 MP: 3/3
   824 | D:2      | Reached XP level 3. HP: 29/35 MP: 4/4
  1748 | D:2      | Reached skill level 1 in Invocations
  1768 | D:3      | Noticed Natasha
  1785 | D:3      | Killed Natasha
  1785 | D:3      | Reached skill level 1 in Short Blades
  1785 | D:3      | Reached skill level 1 in Long Blades
  1785 | D:3      | Reached skill level 1 in Axes
  1785 | D:3      | Reached skill level 1 in Maces & Flails
  1785 | D:3      | Reached skill level 1 in Staves
  1785 | D:3      | Reached skill level 1 in Slings
  1785 | D:3      | Reached skill level 1 in Crossbows
  1785 | D:3      | Reached skill level 1 in Armour
  1785 | D:3      | Reached skill level 1 in Dodging
  1785 | D:3      | Reached skill level 1 in Shields
  1785 | D:3      | Reached skill level 1 in Unarmed Combat
  1785 | D:3      | Reached skill level 1 in Spellcasting
  1785 | D:3      | Reached XP level 4. HP: 13/41 MP: 4/6
  2079 | D:3      | Reached skill level 1 in Conjurations
  2079 | D:3      | Reached skill level 1 in Hexes
  2079 | D:3      | Reached skill level 1 in Charms
  2079 | D:3      | Reached skill level 1 in Summonings
  2079 | D:3      | Reached skill level 1 in Necromancy
  2079 | D:3      | Reached skill level 1 in Translocations
  2079 | D:3      | Reached skill level 1 in Transmutations
  2079 | D:3      | Reached skill level 1 in Fire Magic
  2079 | D:3      | Reached skill level 1 in Ice Magic
  2079 | D:3      | Reached skill level 1 in Air Magic
  2079 | D:3      | Reached skill level 1 in Earth Magic
  2079 | D:3      | Reached skill level 1 in Poison Magic
  2185 | D:3      | Found a hide-covered altar of Uskayaw.
  2230 | D:3      | Noticed Natasha
  2263 | D:3      | Killed Natasha
  2263 | D:3      | Reached XP level 5. HP: 42/47 MP: 7/7
  2338 | D:3      | Noticed Natasha
  2347 | D:3      | Killed Natasha
  2673 | D:3      | Reached XP level 6. HP: 46/53 MP: 8/8
  3055 | D:4      | Found a white marble altar of Elyvilon.
  3081 | D:4      | Got a scorched whip
  3082 | D:4      | Identified the +9 whip of the Shark {freeze, MR++ Str+2}
                  | (You found it on level 4 of the Dungeon)
  3213 | D:4      | Found a staircase to the Ecumenical Temple.
  3234 | Temple   | Entered the Ecumenical Temple
  3257 | Temple   | Became a worshipper of Warmaster Okawaru
  3342 | D:4      | You fall into a shaft and drop 1 floor!
  3342 | D:5      | Entered Level 5 of the Dungeon
  3359 | D:5      | Found a shattered altar of Ashenzari.
  3491 | D:4      | Found a shimmering altar of Xom.
  3567 | D:4      | Found a basalt altar of Yredelemnul.
  3704 | D:4      | Reached XP level 7. HP: 59/59 MP: 10/10
  3913 | D:4      | Quit the game

Levels and vault maps discovered:
D:1:      wander_arrival_lonely_grave, layout_basic, minmay_misc_feat_room
D:2:      layout_basic, minmay_circle_x
D:3:      layout_loops_ring, eat_drink_and_be_merry_uskayaw, uniq_natasha
D:4:      layout_loops_ring, kennysheep_ying_yang, marbit_many_paths,
          minmay_temple_entry_glassed_door, first_ration, minmay_mini_ossuary
D:5:      layout_loops_corners, nicolae_qazlal_style_of_elements,
          lemuel_crystal_altar, nicolae_overflow_crystal_walls,
          cheibrodos_gnoll_hut
Temple:   nicolae_temple_hex_pool

Skill      XL: |  1  2  3  4  5  6 |
---------------+-------------------+-----
Invocations    | 1 2 |  2.4
Short Blades   | 1 2 |  2.2
Long Blades    | 1 2 |  2.2
Axes           | 1 2 |  2.2
Maces & Flails | 1 2 |  2.2
Staves         | 1 2 |  2.2
Slings         | 1 2 |  2.2
Crossbows      | 1 2 |  2.2
Armour         | 1 2 |  2.2
Dodging        | 1 2 |  2.2
Shields        | 1 2 |  2.2
Unarmed Combat | 1 2 |  2.2
Spellcasting   | 1 2 |  2.2
Conjurations   | 1 |  1.7
Hexes          | 1 |  1.7
Charms         | 1 |  1.7
Summonings     | 1 |  1.7
Necromancy     | 1 |  1.7
Translocations | 1 |  1.7
Transmutations | 1 |  1.7
Fire Magic     | 1 |  1.7
Ice Magic      | 1 |  1.7
Air Magic      | 1 |  1.7
Earth Magic    | 1 |  1.7
Poison Magic   | 1 |  1.7
Polearms       | 3 |  3.4
Throwing       | 3 |  3.4
Evocations     | 3 |  3.4
Stealth        | 3 |  3.2
Fighting       | |  6.9
Bows           | |  6.9

Action                   |  1- 3 |  4- 6 |  7- 9 || total
-------------------------+-------+-------+-------++-------
Melee: Dagger            |    31 |       |       ||    31
       Bite              |     7 |    11 |       ||    18
       Spear             |    24 |    16 |       ||    40
       Rapier            |     4 |       |       ||     4
       Trident           |       |    51 |       ||    51
       Punch             |       |     2 |       ||     2
       Whip              |       |    23 |     5 ||    28
 Fire: Shortbow          |    56 |    60 |     5 ||   121
Throw: Boomerang         |       |     3 |       ||     3
  Use: Scroll            |       |     3 |       ||     3
 Stab: Sleeping          |     1 |       |       ||     1
  Eat: Chunk             |     2 |     7 |       ||     9
Armor: Leather armour    |    10 |       |       ||    10
       Ring mail         |    12 |    19 |     2 ||    33
       Chain mail        |       |     3 |       ||     3
Dodge: Dodged            |    41 |    44 |       ||    85

Table legend:
 A = Non-vault XP
 B = Vault XP
 C = Vault XP percentage of total XP
 D = Non-vault monster count
 E = Vault monster count
 F = Vault count percentage of total count
                 A         B        C        D         E       F
            +---------+---------+-------+---------+---------+-------
      Total |     525 |     115 |  18.0 |      67 |      14 |  17.3
            +---------+---------+-------+---------+---------+-------
        D:1 |      23 |       0 |   0.0 |      17 |       0 |   0.0
        D:2 |      20 |      14 |  41.2 |      12 |       7 |  36.8
        D:3 |     280 |      35 |  11.1 |      29 |       1 |   3.3
        D:4 |     134 |      66 |  33.0 |       7 |       6 |  46.2
        D:5 |      68 |       0 |   0.0 |       2 |       0 |   0.0
            +---------+---------+-------+---------+---------+-------
